 Dungeon Crawl Stone Soup version 0.30-a0-702-gdf48620a09 (webtiles) character file.

Game seed: 11495606493698833470

176983 octoduck the Warrior (level 17, -5/127 HPs)
             Began as a Demonspawn Gladiator on Jan 22, 2023.
             Was the Champion of Hepliaklqana.
             Slain by a vault warden
             ... wielding a +0 great sword
              (42 damage)
             ... on level 1 of the Vaults.
             The game lasted 03:00:17 (35420 turns).

octoduck the Warrior (Demonspawn Gladiator)        Turns: 35420, Time: 03:00:18

Health: -5/127     AC: 27    Str: 30    XL:     17   Next: 25%
Magic:  34/34      EV: 17    Int: 14    God:    Hepliaklqana [******]
Gold:   1787       SH: 16    Dex: 18    Spells: 15/27 levels left

rFire   + + .      SeeInvis .    d - +5 eveningstar of Defiance {speed, rC+++ Will- Str+5}
rCold   + + +      Faith    .    x - +4 kite shield
rNeg    . . .      Spirit   .    N - +4 scale mail "Gotoempe" {Harm rF+ Will- Regen+ Str+2}
rPois   +          Reflect  .    f - +1 helmet of the Ward {rF+}
rElec   .          Harm     +    D - +2 cloak
rCorr   .          Rampage  .    L - +0 pair of gloves
Will    .....                    I - +2 pair of boots of Unuucoub {rPois rC++ MP+9 Dex+2} Stlth
                                 s - amulet of the acrobat
HPRegen 1.21/turn                p - +6 ring of strength
MPRegen 0.24/turn                q - +5 ring of evasion

@: marked
A: reduced essence, slimy green scales 3, demonic guardian 1, powered by pain 3,
weakness stinger 2
}: 1/15 runes: decaying
a: Renounce Religion, Recall Ancestor, Ancestor Identity, Transference, Idealise


You were on level 1 of the Vaults.
You worshipped Hepliaklqana.
Hepliaklqana was exalted by your worship.
You visited 7 branches of the dungeon, and saw 29 of its levels.
You also visited: Gauntlet.

You collected 3204 gold pieces.
You spent 1417 gold pieces at shops.

Inventory:

Hand Weapons
 d - the +5 eveningstar of Defiance (weapon) {speed, rC+++ Will- Str+5}
   (You acquired it on level 6 of the Dungeon)

   Str:       It affects your strength (+5).
   rC:        It renders you almost immune to cold.
   Will:      It decreases your willpower.
 Q - a +0 demon whip of venom
Missiles
 M - 5 throwing nets (quivered)
Armour
 f - the +1 helmet of the Ward (worn) {rF+}
   (You found it on level 14 of the Dungeon)

   rF:        It protects you from fire.
 g - +0 fire dragon scales
 x - a +4 kite shield (worn)
 D - a +2 cloak (worn)
 I - the +2 pair of boots of Unuucoub (worn) {rPois rC++ MP+9 Dex+2}
   (You acquired it on level 3 of the Swamp)

   Dex:       It affects your dexterity (+2).
   rC:        It greatly protects you from cold.
   rPois:     It protects you from poison.
   MP:        It affects your magic capacity (+9).
 L - a +0 pair of gloves (worn)
 N - the +4 scale mail "Gotoempe" (worn) {Harm rF+ Will- Regen+ Str+2}
   (You bought it in a shop on level 2 of the Orcish Mines)

   Str:       It affects your strength (+2).
   rF:        It protects you from fire.
   Regen:     It increases your rate of health regeneration.
   Harm:      It increases damage dealt and taken.
   Will:      It decreases your willpower.
Jewellery
 a - a ring of see invisible
 h - a ring of willpower
 p - a +6 ring of strength (left hand)
 q - a +5 ring of evasion (right hand)
 s - an amulet of the acrobat (around neck)
 y - a ring of flight
 C - a ring of positive energy
 W - an amulet of reflection
Wands
 e - a wand of flame (44)
 l - a wand of mindburst (15)
 n - a wand of polymorph (4)
 B - a wand of charming (28)
 E - a wand of iceblast (2)
 G - a wand of light (6)
 T - a wand of digging (18)
Scrolls
 c - 2 scrolls of silence
 m - 5 scrolls of magic mapping
 r - 2 scrolls of teleportation
 u - 2 scrolls of butterflies
 v - 3 scrolls of amnesia
 w - 16 scrolls of identify
 z - 4 scrolls of fog
 A - 4 scrolls of blinking
 F - 7 scrolls of fear
 H - 5 scrolls of poison
 J - 4 scrolls of enchant weapon
 S - a scroll of brand weapon
Potions
 b - 10 potions of curing
 i - 8 potions of heal wounds
 j - 3 potions of might
 k - 3 potions of brilliance
 o - 5 potions of haste
 t - 2 potions of cancellation
 K - a potion of berserk rage
 P - a potion of invisibility
 Y - 3 potions of ambrosia
 Z - 3 potions of flight
Miscellaneous
 O - a condenser vane (inert)
 R - a phantom mirror (inert)


   Skills:
 + Level 15.1 Fighting
 - Level 14.4 Maces & Flails
 - Level 1.7 Throwing
 - Level 9.4 Armour
 - Level 5.3 Dodging
 - Level 9.0 Shields
 - Level 5.7 Spellcasting
 - Level 9.0 Fire Magic
 - Level 7.3 Air Magic
 - Level 8.8 Poison Magic
 - Level 5.5 Invocations
 + Level 8.6 Evocations


You had 15 spell levels left.
You knew the following spells:

 Your Spells              Type           Power      Damage    Failure   Level
a - Poisonous Vapours     Pois/Air       52%        N/A       3%          2
b - Cigotuvi's Dreadful   Necr/Pois/Air  38%        N/A       12%         2
c - Mephitic Cloud        Conj/Pois/Air  19%        N/A       24%         3
d - Ignite Poison         Fire/Tmut/Pois 20%        N/A       19%         3
e - Scorch                Fire           58%        2d7       2%          2

Your spell library contained the following spells:

 Spells                   Type           Power      Damage    Failure   Level
 Sting                    Tmut/Pois      64%        1d6       12%         1
 Inner Flame              Hex/Fire       16%        N/A       32%         3
 Spider Form              Tmut/Pois      16%        N/A       34%         3
 Kiss of Death            Conj/Necr      16%        2d6       56%         1
 Slow                     Hex            16%        N/A       56%         1
 Sublimation of Blood     Necr           4%         N/A       71%         2
 Flame Wave               Conj/Fire      16%        2d7       73%         4
 Sticky Flame             Conj/Fire      16%        2d4       73%         4
 Summon Lightning Spire   Summ/Air       14%        N/A       83%         4
 Call Canine Familiar     Summ           4%         N/A       91%         3
 Confusing Touch          Hex            4%         N/A       91%         3
 Dazzling Flash           Conj/Hex       8%         N/A       91%         3
 Gell's Gravitas          Tloc           4%         N/A       91%         3
 Portal Projectile        Hex/Tloc       8%         N/A       91%         3
 Teleport Other           Tloc           4%         N/A       91%         3
 Silence                  Hex/Air        7%         N/A       99%         5
 Cause Fear               Hex            2%         N/A       100%        4
 Dispel Undead            Necr           4%         3d7       100%        4
 Leda's Liquefaction      Hex/Erth       2%         N/A       100%        4
 Petrify                  Tmut/Erth      4%         N/A       100%        4
 Agony                    Necr           4%         N/A       100%        5
 Irradiate                Conj/Tmut      2%         3d12      100%        5
 Dispersal                Tloc           2%         N/A       100%        6
 Statue Form              Tmut/Erth      2%         N/A       100%        6
 Summon Cactus Giant      Summ           2%         N/A       100%        6
 Dragon Form              Tmut           2%         N/A       100%        7
 Storm Form               Tmut/Air       7%         N/A       100%        7
 Discord                  Hex            2%         N/A       100%        8
 Ignition                 Fire           14%        3d6       100%        8
 Maxwell's Capacitive Co  Air            12%        ∞         100%        8
 Chain Lightning          Conj/Air       7%         3d9       100%        9
 Dragon's Call            Summ           2%         N/A       100%        9
 Fire Storm               Conj/Fire      8%         8d2       100%        9
 Shatter                  Erth           2%         3d6*      100%        9


Dungeon Overview and Level Annotations

Branches:
Dungeon (15/15)            Temple (1/1) D:6            Lair (5/5) D:11
  Swamp (4/4) Lair:3        Snake (0/4) Lair:3        Slime (0/5) Lair:5
    Orc (2/2) D:12         Vaults (1/5) D:13         Depths (1/4) D:15
Gauntlet (visited)
    Elf: Orc:2

Altars:
Ashenzari
Cheibriados
Dithmenos
Fedhas
Gozag
Hepliaklqana
Kikubaaqudgha
Makhleb
Nemelex Xobeh
Okawaru
Qazlal
Ru
Sif Muna
Trog
Uskayaw
Vehumet
Wu Jian
Xom
Yredelemnul
Jiyva

Shops:
D:8 *   D:9 *   D:13 [   Orc:1 [   Orc:2 !?[?

Portals:
Hell: Lair:5

Annotations:
D:3 Ijyb
D:4 1 runed translucent door, baller8008's ghost, amateur DsHW
D:5 1 runed translucent door, Darius099's ghost, amateur GrFi
Vaults:1 1 transporter, Ohauren's ghost, adept GnHu
Depths:1 Louise


Innate Abilities, Weirdness & Mutations

Your life essence is reduced to manifest your ancestor. (-10% HP)
You are completely covered in slimy green scales. (AC +4, rPois)
A weak demonic guardian rushes to your aid.
You are powered by pain.
You have a tail ending in a sharp stinger.


Message History

t - Shout!
Orders for allies: a - Attack new target. r - Retreat! s - Stop attacking. g - Guard the area. f - Follow me.
Anything else - Cancel.
Gang up on whom?
Press: ? - help, Dir - move target, f - Ohauren's ghost
Aim: Ohauren's ghost, wielding a weapon of pain Attack!
The vault sentinel casts a spell at you.
A sentinel's mark forms upon you.
The vault warden hits you with a +0 great sword.
The phantasmal warrior hits you but does no damage.
The phantasmal warrior attacks as you move away!
The phantasmal warrior misses you.
Bomrek gestures at Ohauren's ghost while chanting.
The stone arrow misses Ohauren's ghost.
The vault sentinel casts a spell at you.
You barely resist. The phantasmal warrior gestures at you.
The phantasmal warrior blinks!
Ohauren's ghost points at you and mumbles some strange words.
The stone arrow hits you!!
You barely miss Ohauren's ghost.
Bomrek points at Ohauren's ghost and mumbles some strange words.
The bolt of magma hits Ohauren's ghost!
You miss Ohauren's ghost.
Ohauren's ghost is lightly damaged.
The vault warden hits you with a +0 great sword!!
Ohauren's ghost hits you!
* * * LOW HITPOINT WARNING * * *
You writhe in agony!
* * * LOW HITPOINT WARNING * * *
A demonic guardian appears!
Bomrek barely misses Ohauren's ghost.
Okay, then.
You feel much better. The phantasmal warrior gestures at you.
The phantasmal warrior blinks!
The vault warden hits you with a +0 great sword!!
You die...

......# ##..#####..##
......# ##..##§..##..##
....>.#
##..##.###.##..##
......#
##..##○§.....##..##
......#
##..##8§......8##(.##
......#
##..##W.#.###W#..##..##
......#
#..##.§..#.?##....##..#
......#
#..#.#pp##...##..#.#..#
......#
#..#©#@R#|!.!.#..#©#..#
#####'#
#..#.#.W##...##..#.#..#
......#
#..##.÷[4##.##$p..##..#
......#
##..##÷.#..##.#..##..##
......#
##..##8......W8##..##
......#
##..##.....$.##..##
......#
##..##.###.##..##
......# ##..##...##..##
###'######
##..#####..##


You could see the friendly Bomrek the battlemage, a vault warden, a vault
sentinel, a phantasmal warrior, Ohauren's ghost (ally target) and a friendly
hellwing (summoned).

Vanquished Creatures
  A tentacled monstrosity (Swamp:1)
  A titan (Vaults:1)
  2 acid blobs (Lair:5)
  A thorn hunter (Swamp:3)
  Agnes (D:14)
  A fenstrider witch (Swamp:3)
  An azure jelly (Swamp:4)
  Kirke (Swamp:1)
  A fenstrider witch (shapeshifter) (Vaults:1)
  3 vault wardens (Vaults:1)
  4 ironbound preservers
  An ironbound thunderhulk (Vaults:1)
  An eleionoma (Swamp:3)
  3 bunyips
  3 dire elephants (Vaults:1)
  A fire dragon (D:15)
  A shambling mangrove (Swamp:4)
  Josephine (D:12)
  2 great orbs of eyes (Vaults:1)
  2 yaktaur captains (Vaults:1)
  A rakshasa (D:14)
  8 hydras
  2 ice dragons (Swamp:4)
  2 two-headed ogres
  3 boulder beetles
  8 death yaks
  3 ironbound frosthearts
  A centaur warrior (Orc:2)
  An alligator (Swamp:2)
  A sun demon (Lair:5)
  Lodul (D:12)
  6 goliath frogs
  A glowing orange brain (Vaults:1)
  3 spriggan druids
  A bog body (Swamp:3)
  12 deep trolls
  6 swamp dragons
  3 wizards
  2 deep elf pyromancers
  4 orc knights
  An ironbound convoker (Vaults:1)
  13 ugly things
  4 manticores
  A will-o-the-wisp (Swamp:2)
  3 orc sorcerers
  2 cyclopes
  Maurice (Orc:1)
  6 elephants
  2 vault sentinels (Vaults:1)
  6 black mambas
  8 cane toads
  A gargoyle (D:13)
  An orange demon (Lair:5)
  An unseen horror (D:10)
  A rime drake (Lair:4)
  7 yaktaurs
  2 ice devils (Lair:5)
  5 komodo dragons
  4 freezing wraiths (Swamp:4)
  2 trolls
  2 red devils (Lair:5)
  A meliai (D:14)
  A queen bee (shapeshifter) (D:13)
  2 polar bears
  2 hornets (Swamp:4)
  3 tyrant leeches
  A hellwing (Lair:5)
  4 blink frogs
  21 slime creatures
  2 shadows
  30 yaks
  A vampire (D:12)
  3 wyverns
  A basilisk (Lair:5)
  4 wraiths
  A hog (Swamp:1)
  2 swamp worm simulacra (Swamp:4)
  2 steam dragons (D:7)
  6 vampire mosquitoes
  8 swamp worms
  6 wargs
  An acid dragon (D:12)
  A two-headed ogre zombie (D:12)
  2 nagas (Lair:3)
  2 hell hounds (Lair:5)
  9 water moccasins
  29 orc warriors
  17 hydra simulacra (Swamp:4)
  2 sky beasts
  2 black bears (D:6)
  A battlemage (Vaults:1)
  4 boggarts
  15 wolves
  12 centaurs
  13 ogres
  2 phantoms
  4 kobold brigands
  7 bullfrogs
  3 necrophages
  A gnoll sergeant (D:9)
  3 wights
  3 killer bees (D:10)
  A troll zombie (D:12)
  2 howler monkeys
  3 electric eels (D:10)
  4 hounds
  6 orc priests
  2 gnoll boudas
  Jessica (D:2)
  2 iguanas (D:6)
  13 orc wizards
  4 ogre zombies (D:12)
  Robin (D:3)
  14 gnolls
  3 adders
  A shadow imp (D:6)
  3 white imps
  An ufetubus (D:5)
  A swamp drake simulacrum (Swamp:4)
  2 worms
  4 dart slugs
  33 orcs
  6 endoplasms
  6 giant cockroaches
  22 goblins
  11 hobgoblins
  3 jackals (D:3)
  20 kobolds
  4 quokkas
  4 ball pythons
  4 bats
  8 frilled lizards
  2 goblin skeletons (D:12)
  2 goblin zombies (D:12)
  A hobgoblin skeleton (D:12)
  A hobgoblin zombie (D:12)
  2 orc skeletons (D:12)
  15 orc zombies (D:12)
  2 rats
  A fungus (Lair:5)
623 creatures vanquished.

Vanquished Creatures (collateral kills)
  An acid blob (Lair:5)
  3 ironbound preservers (Vaults:1)
  2 eleionomae
  2 dire elephants (Vaults:1)
  An ice dragon (D:15)
  A catoblepas (Lair:3)
  2 ghost crabs
  A hydra (D:14)
  3 alligators
  A centaur warrior (Vaults:1)
  A two-headed ogre (D:14)
  2 boulder beetles (D:12)
  4 death yaks
  A deep elf knight (D:13)
  Amaemon (D:10)
  2 spriggans
  A spriggan druid (Swamp:3)
  6 deep trolls (Vaults:1)
  A goliath frog (Swamp:3)
  A glowing orange brain (Vaults:1)
  2 swamp dragons
  A lindwurm (Vaults:1)
  2 ironbound convokers
  2 deep elf zephyrmancers (D:13)
  An orc knight (Orc:2)
  An orc sorcerer (Orc:1)
  2 will-o-the-wisps (Swamp:3)
  6 ugly things
  A manticore (D:13)
  4 elephants (Lair:4)
  A vault sentinel (Vaults:1)
  An orange demon (D:10)
  2 black mambas
  2 torpor snails (Lair:5)
  4 rime drakes
  2 cane toads (Lair:1)
  4 komodo dragons
  An unseen horror (D:10)
  6 yaktaurs
  An ice devil (Lair:5)
  2 meliai (D:14)
  2 trolls
  3 hornets
  A tyrant leech (Swamp:3)
  A shadow (D:12)
  A vampire (D:10)
  12 yaks
  8 slime creatures
  A wraith (D:14)
  4 hogs (Swamp:1)
  A basilisk (D:15)
  A steam dragon (D:10)
  5 vampire mosquitoes
  2 swamp worm simulacra (Swamp:4)
  5 swamp worms
  A two-headed ogre zombie (D:12)
  An acid dragon (D:14)
  A naga (Lair:3)
  A hell hound (Lair:5)
  4 water moccasins
  5 orc warriors
  5 ogres
  4 wolves
  5 centaurs
  A kobold brigand (D:13)
  7 bullfrogs
  4 killer bees
  A troll zombie (D:12)
  3 electric eels (D:10)
  A howler monkey (D:10)
  A hound (D:7)
  An orc priest (D:13)
  9 orc wizards
  5 gnolls
  2 swamp drake simulacra (Swamp:4)
  30 orcs
  A goblin zombie (D:12)
  7 kobolds
  An orc zombie (D:12)
  A briar patch (Swamp:3)
  A bush (D:14)
235 creatures vanquished.

Vanquished Creatures (others)
  2 vault wardens (Vaults:1)
  A bloated husk (Swamp:1)
  A hell hound (Lair:5)
  An orc warrior (Orc:1)
  35 battlemagi
  An orc wizard (D:12)
  An ancestor (D:7)
  6 foxfires
  16 fungi
  19 plants
  2 withered plants (D:5)
85 creatures vanquished.

Grand Total: 943 creatures vanquished

Notes
Turn   | Place    | Note
-------+----------+-------------------------------------------
     0 | D:1      | octoduck the Demonspawn Gladiator began the quest for the
                  | Orb.
     0 | D:1      | Reached XP level 1. HP: 16/16 MP: 1/1
   291 | D:1      | Gained mutation: You have a small tail. [demonic ancestry]
   291 | D:1      | Reached XP level 2. HP: 22/22 MP: 2/2
   628 | D:1      | Gained mutation: A weak demonic guardian rushes to your
                  | aid. [demonic ancestry]
   628 | D:1      | Reached XP level 3. HP: 27/27 MP: 3/3
  1241 | D:2      | Found a faded altar of an unknown god.
  1446 | D:2      | Noticed Jessica
  1451 | D:2      | Killed Jessica
  1452 | D:2      | Gained mutation: You are partially covered in slimy green
                  | scales. (AC +2) [demonic ancestry]
  1452 | D:2      | Reached XP level 4. HP: 33/33 MP: 4/4
  2204 | D:3      | Reached skill level 5 in Maces & Flails
  2433 | D:3      | Reached XP level 5. HP: 38/38 MP: 5/5
  3412 | D:3      | Noticed Robin
  3419 | D:3      | Killed Robin
  3898 | D:4      | Noticed Ijyb
  4029 | D:4      | Found a runed translucent door.
  4033 | D:4      | Noticed baller8008's ghost (amateur DsHW)
  4787 | D:5      | Entered Level 5 of the Dungeon
  4787 | D:5      | Noticed an ogre
  4833 | D:5      | Noticed an ogre
  4844 | D:4      | Reached XP level 6. HP: 46/46 MP: 6/6
  5007 | D:4      | Reached skill level 3 in Fighting
  5130 | D:5      | Found a runed translucent door.
  5140 | D:5      | Found a stormy altar of Qazlal.
  5146 | D:5      | Identified the +1 falchion "Ceronoit" {heavy, Fragile rF+
                  | rC+ Int+4}
  5162 | D:5      | Noticed Darius099's ghost (amateur GrFi)
  5332 | D:5      | Gained mutation: You are mostly covered in slimy green
                  | scales. (AC +3) [demonic ancestry]
  5332 | D:5      | Reached XP level 7. HP: 36/52 MP: 7/7
  5538 | D:5      | Found a hazy altar of Hepliaklqana.
  5543 | D:5      | Became a worshipper of Hepliaklqana the Forgotten
  5707 | D:5      | Found an opulent altar of Gozag.
  5707 | D:5      | Found an ornate altar of the Wu Jian Council.
  5749 | D:5      | Reached skill level 4 in Fighting
  6093 | D:6      | Reached XP level 8. HP: 61/61 MP: 8/8
  6372 | D:6      | Reached skill level 5 in Fighting
  6464 | D:6      | Found a snail-covered altar of Cheibriados.
  6543 | D:6      | Found a staircase to the Ecumenical Temple.
  6711 | Temple   | Entered the Ecumenical Temple
  6764 | D:6      | Reached * piety under Hepliaklqana
  7288 | D:6      | Identified a scroll of acquirement
  7288 | D:6      | Acquired the +5 eveningstar of Defiance {speed, rC+++ Will-
                  | Str+5}
  7335 | D:7      | Learned a level 2 spell: Poisonous Vapours
  7546 | D:7      | Reached skill level 6 in Fighting
  7546 | D:7      | Reached skill level 1 in Poison Magic
  7632 | D:7      | Gained mutation: You sometimes gain a little power by
                  | taking damage. [demonic ancestry]
  7632 | D:7      | Reached XP level 9. HP: 43/62 MP: 9/9
  7830 | D:7      | Reached ** piety under Hepliaklqana
  7835 | D:7      | Remembered your ancestor Bomrek as a battlemage
  8173 | D:8      | Noticed a two-headed ogre
  8177 | D:8      | Killed a two-headed ogre
  8178 | D:8      | Reached skill level 7 in Fighting
  8178 | D:8      | Reached skill level 5 in Poison Magic
  8274 | D:8      | Found a shimmering altar of Xom.
  8338 | D:8      | Reached skill level 10 in Maces & Flails
  8415 | D:8      | Found Haohoddi's General Store.
  8423 | D:8      | Bought a scroll of enchant armour for 75 gold pieces
  9300 | D:9      | Found Towauqi's Elemental Accessories.
  9354 | D:9      | Reached XP level 10. HP: 71/71 MP: 10/10
  9383 | D:9      | Noticed a two-headed ogre
  9413 | D:9      | Killed a two-headed ogre
  9499 | D:9      | Learned a level 2 spell: Cigotuvi's Dreadful Rot
  9756 | D:9      | Reached skill level 8 in Fighting
  9913 | D:9      | Learned a level 3 spell: Mephitic Cloud
 10197 | D:10     | Entered Level 10 of the Dungeon
 10282 | D:10     | Identified the +7 mace of Kosmih {elec, Will+}
 11025 | D:10     | Noticed Amaemon
 11025 | D:10     | Noticed an orange demon
 11368 | D:10     | Killed an orange demon
 11369 | D:10     | Reached skill level 5 in Air Magic
 11476 | D:10     | Killed Amaemon
 11571 | D:10     | Reached *** piety under Hepliaklqana
 11782 | D:10     | Reached skill level 1 in Invocations
 12113 | D:10     | Reached XP level 11. HP: 78/78 MP: 8/12
 12396 | D:11     | Found a gate leading to a gauntlet.
 12423 | Gauntlet | Entered a Gauntlet
 12423 | Gauntlet | Noticed a fire crab
 12423 | Gauntlet | Found a transporter.
 12423 | Gauntlet | Found a transporter.
 12425 | Gauntlet | Found a transporter.
 12426 | Gauntlet | Found a transporter.
 12428 | Gauntlet | Found a transporter.
 12430 | Gauntlet | Noticed a death yak
 12461 | Gauntlet | Noticed a death yak
 12462 | Gauntlet | Noticed a necromancer
 12462 | Gauntlet | Noticed a death yak
 12466 | Gauntlet | Found a transporter.
 12469 | Gauntlet | Found a transporter.
 12469 | Gauntlet | Found a transporter.
 12471 | Gauntlet | Noticed a death yak
 12471 | Gauntlet | Noticed an entropy weaver
 12471 | Gauntlet | Noticed a wolf spider
 12472 | Gauntlet | Noticed a death yak
 12472 | Gauntlet | Noticed a death yak
 12472 | Gauntlet | Noticed a necromancer
 12472 | Gauntlet | Noticed a death yak
 12481 | Gauntlet | Found a runed translucent gate.
 12481 | Gauntlet | Found a runed translucent gate.
 12481 | Gauntlet | Found a runed translucent gate.
 12483 | Gauntlet | Found a transporter.
 12499 | Gauntlet | Found a transporter.
 12499 | Gauntlet | Noticed a death yak
 12511 | Gauntlet | Found a transporter.
 12513 | Gauntlet | Noticed a hell beast
 12529 | Gauntlet | Found a transporter.
 12546 | Gauntlet | Found a transporter.
 12546 | Gauntlet | Noticed an oklob plant
 12562 | Gauntlet | Found a transporter.
 13106 | D:11     | Reached skill level 9 in Fighting
 13106 | D:11     | Reached skill level 5 in Invocations
 13210 | D:11     | Learned a level 3 spell: Ignite Poison
 13336 | D:11     | Found a staircase to the Lair.
 13356 | D:11     | Reached **** piety under Hepliaklqana
 13428 | D:11     | Noticed a purple ugly thing
 13436 | D:11     | Killed a purple ugly thing
 13437 | D:11     | Reached skill level 1 in Fire Magic
 13659 | Lair:1   | Entered Level 1 of the Lair of Beasts
 13978 | Lair:1   | Reached skill level 10 in Fighting
 15022 | Lair:2   | Gained mutation: You are completely covered in slimy green
                  | scales. (AC +4, rPois) [demonic ancestry]
 15022 | Lair:2   | Reached XP level 12. HP: 87/87 MP: 9/16
 15314 | Lair:2   | Reached ***** piety under Hepliaklqana
 15873 | Lair:3   | Noticed a catoblepas
 15873 | Lair:3   | Noticed a death yak
 15873 | Lair:3   | Noticed a death yak
 15873 | Lair:3   | Noticed a death yak
 15873 | Lair:3   | Noticed a death yak
 15873 | Lair:3   | Noticed a death yak
 15873 | Lair:3   | Noticed a death yak
 15988 | Lair:3   | Reached skill level 5 in Fire Magic
 16287 | Lair:2   | Killed a death yak
 16552 | Lair:3   | Killed a catoblepas
 16716 | Lair:3   | Reached skill level 11 in Fighting
 17088 | Lair:3   | Found a staircase to the Snake Pit.
 17340 | Lair:2   | Killed a death yak
 17341 | Lair:2   | Reached skill level 1 in Armour
 17810 | Lair:4   | You fall into a shaft and drop 1 floor!
 17810 | Lair:5   | Entered Level 5 of the Lair of Beasts
 17812 | Lair:5   | Noticed a death yak
 17817 | Lair:5   | Noticed a death yak
 17833 | Lair:5   | Killed a death yak
 17840 | Lair:5   | Killed a death yak
 18103 | Lair:4   | Noticed a death yak
 18109 | Lair:4   | Noticed a death yak
 18112 | Lair:4   | Killed a death yak
 18113 | Lair:4   | Gained mutation: You sometimes gain power by taking damage.
                  | [demonic ancestry]
 18113 | Lair:4   | Reached XP level 13. HP: 95/95 MP: 10/17
 18447 | Lair:4   | Reached skill level 5 in Armour
 18952 | Lair:3   | Found a staircase to the Swamp.
 19120 | Lair:5   | Found a shimmering blue altar of Sif Muna.
 19469 | Lair:5   | Found a runed translucent door.
 19469 | Lair:5   | Found a viscous altar of Jiyva.
 19469 | Lair:5   | Noticed an acid blob
 19469 | Lair:5   | Noticed an acid blob
 19470 | Lair:5   | Noticed an acid blob
 19470 | Lair:5   | Noticed an acid blob
 19477 | Lair:5   | Found a staircase to the Slime Pits.
 20368 | Lair:5   | Reached ****** piety under Hepliaklqana
 20544 | Lair:5   | Found a burning altar of Makhleb.
 20637 | Lair:5   | Gained mutation: You have a tail ending in a sharp stinger.
                  | [demonic ancestry]
 20637 | Lair:5   | Reached XP level 14. HP: 67/101 MP: 18/18
 20912 | Lair:5   | Found a gateway to Hell.
 20920 | Lair:5   | Got Zeseahor's Annotations on Exothermic Permutations
 21101 | D:12     | Noticed Lodul
 21117 | D:12     | Killed Lodul
 21141 | D:12     | Noticed Josephine
 21257 | D:12     | Reached skill level 5 in Dodging
 21465 | D:12     | Learned a level 2 spell: Scorch
 21521 | D:12     | Killed Josephine
 21522 | D:12     | Reached skill level 1 in Shields
 21836 | D:12     | Found a staircase to the Orcish Mines.
 22125 | Orc:1    | Entered Level 1 of the Orcish Mines
 22305 | Orc:1    | Paralysed by an orc sorcerer for 2 turns
 22309 | D:12     | Paralysed by an orc sorcerer for 5 turns
 22654 | Orc:1    | Found Sirenk's Armour Boutique.
 22981 | Orc:1    | Noticed Maurice
 22996 | Orc:1    | Killed Maurice
 23312 | Orc:2    | Entered Level 2 of the Orcish Mines
 23496 | Orc:2    | Paralysed by an orc sorcerer for 3 turns
 23749 | Orc:2    | Reached skill level 5 in Shields
 24321 | Orc:2    | Found Cilyilogh's Antique Armour Shoppe.
 24321 | Orc:2    | Found Nafuhoiph's Magic Scroll Shop.
 24323 | Orc:2    | Found Elixt's Distillery.
 24325 | Orc:2    | Found Cierph's Magic Scroll Emporium.
 24341 | Orc:2    | Bought an ancient scale mail for 324 gold pieces
 24341 | Orc:2    | Identified the +4 scale mail "Gotoempe" {Harm rF+ Will-
                  | Regen+ Str+2} (You bought it in a shop on level 2 of the
                  | Orcish Mines)
 24351 | Orc:2    | Bought a pair of glowing boots for 270 gold pieces
 24388 | Orc:2    | Bought a scroll of butterflies for 52 gold pieces
 24388 | Orc:2    | Bought a scroll of poison for 52 gold pieces
 24401 | Orc:2    | Bought a scroll of blinking for 127 gold pieces
 24401 | Orc:2    | Bought a scroll of blinking for 127 gold pieces
 24403 | Orc:2    | Bought a potion of haste for 120 gold pieces
 24406 | Orc:2    | Bought a pair of embroidered boots for 270 gold pieces
 25188 | D:13     | Found Raiseg's Armour Shoppe.
 25979 | D:13     | Found a gate to the Vaults.
 26408 | D:14     | Reached XP level 15. HP: 106/107 MP: 19/19
 26531 | D:14     | Noticed Agnes
 26540 | D:14     | Killed Agnes
 27186 | D:14     | Identified the +1 helmet of the Ward {rF+}
 27456 | Lair:5   | Killed an acid blob
 27463 | Lair:5   | Killed an acid blob
 27586 | Lair:5   | Killed an acid blob
 28436 | D:14     | Found a shimmering blue altar of Sif Muna.
 28446 | D:14     | Got Sif Muna's Catalogue of the Evil Eye
 28485 | D:15     | Entered Level 15 of the Dungeon
 28587 | D:15     | Reached skill level 1 in Evocations
 28608 | D:15     | Found a broken altar of Ashenzari.
 29032 | D:15     | Found a staircase to the Depths.
 29316 | Swamp:1  | Entered Level 1 of the Swamp
 29365 | Swamp:1  | Reached skill level 1 in Spellcasting
 29537 | Swamp:1  | Reached skill level 12 in Fighting
 29567 | Swamp:1  | Noticed Kirke
 29573 | Swamp:1  | Killed Kirke
 29722 | Swamp:1  | Noticed a tentacled monstrosity
 29732 | Swamp:1  | Killed a tentacled monstrosity
 30476 | Swamp:2  | Reached skill level 5 in Spellcasting
 30847 | Swamp:3  | Noticed a thorn hunter
 30848 | Swamp:3  | Gained mutation: You are powered by pain. [demonic
                  | ancestry]
 30848 | Swamp:3  | Reached XP level 16. HP: 116/116 MP: 18/24
 30964 | Swamp:3  | Killed a thorn hunter
 31671 | Swamp:3  | Acquired the +2 pair of boots of Unuucoub {rPois rC++ MP+9
                  | Dex+2}
 31742 | Swamp:4  | Entered Level 4 of the Swamp
 31977 | Swamp:4  | Reached skill level 13 in Fighting
 32300 | Swamp:4  | Got a decaying rune of Zot
 32785 | Depths:1 | Entered Level 1 of the Depths
 32785 | Depths:1 | Noticed Louise
 32902 | Vaults:1 | Entered Level 1 of the Vaults
 33197 | Vaults:1 | Reached skill level 5 in Evocations
 33359 | Vaults:1 | Found a transporter.
 33392 | Vaults:1 | Noticed a titan
 33397 | Vaults:1 | Found a transporter.
 33423 | Vaults:1 | Noticed Ohauren's ghost (adept GnHu)
 33622 | Vaults:1 | Reached skill level 14 in Fighting
 34438 | Vaults:1 | Reached XP level 17. HP: 126/126 MP: 9/25
 34448 | Vaults:1 | Paralysed by a great orb of eyes for 4 turns
 34595 | Vaults:1 | an eleionoma changed into a quicksilver dragon
 34595 | Vaults:1 | Noticed a quicksilver dragon (glowing shapeshifter)
 34597 | Vaults:1 | a quicksilver dragon changed into a dire elephant
 34844 | Vaults:1 | Reached skill level 15 in Fighting
 35031 | Vaults:1 | Killed a titan
 35420 | Vaults:1 | Slain by a vault warden

Illustrated notes

Levels and vault maps discovered:
D:1:      dpeg_arrival_tiny_a, layout_rooms
D:2:      layout_loops_ring, basic_ecumenical_altar, uniq_jessica
D:3:      kennysheep_goblin_castle, layout_loops_corners, st_stairs_4
D:4:      layout_basic, gammafunk_ghost_grave, uniq_robin, uniq_ijyb
D:5:      layout_rooms, nicolae_qazlal_scattered_showers,
          worldfamousw_hep_ancestral_shrine, jmf_multi_god_temple,
          gammafunk_ghost_grave
D:6:      layout_basic, mainiacjoe_overflow_tiny_flanked, lemuel_doored_altar,
          minmay_temple_entry_arrows
D:7:      layout_basic
D:8:      layout_loops_ring, mainiacjoe_overflow_brackets, serial_shops,
          nicolae_shop_trees, serial_co_window_serial,
          co_window_of_opportunity_a, co_window_of_opportunity_a,
          co_window_paths_b, co_window_cross_1, co_window_of_opportunity_a,
          co_window_paths_a, co_window_paths_b, co_window_broadway_b,
          co_window_2corner, co_window_2corner, co_window_cross_2,
          glass_columns_c, glass_columns_a
D:9:      layout_basic, nicolae_elemental_shop, minmay_misc_feat_x,
          library_closet
D:10:     layout_basic, uniq_amaemon
D:11:     layout_cave_pools, lair_entry_dummy, gauntlet_entry_generic,
          minmay_misc_feat_plants
D:12:     layout_cave_pools, zombieorc2_lemuel, grunt_ogre_cave, uniq_lodul,
          uniq_josephine
D:13:     layout_loops_ring, hangedman_vaults_entry_quadrant_bands,
          serial_shops, nicolae_stop_n_shop_1
D:14:     layout_stronghold, serial_park_tiny_1,
          nicolae_sif_muna_little_library, uniq_agnes
D:15:     grunt_enter_depths_hoard, layout_basic, minmay_misc_feat_pillars,
          cheibrodos_ashenzari_chains
Temple:   hellmonk_temple_of_storms
Lair:1:   layout_cave_pods, chequers_serial_rivers_micro_a
Lair:2:   layout_regular_city
Lair:3:   layout_big_grid, minmay_swamp_entry_worms,
          guppyfry_snake_entry_island, st_stairs_11
Lair:4:   layout_long_grid
Lair:5:   evil_forest, layout_long_grid, slime_entry_2, basic_altar,
          chequers_serial_rivers_small_a, grunt_megastairs_1
Swamp:1:  layout_basic_swamp, evilmike_swamp_ruin_house_1, uniq_kirke
Swamp:2:  layout_basic_swamp, evilmike_swamp_ruin_house_2,
          nicolae_swamp_bean_lake
Swamp:3:  layout_falls_marsh, nicolae_swamp_small_spring, swamp_pool1
Swamp:4:  swamp_icy, layout_basic_swamp
Orc:1:    layout_caves, serial_shops, shop, nooodl_orcs_dogs, uniq_maurice
Orc:2:    st_orc_rangers, layout_caves
Vaults:1: nzn_ghost_randoct, nicolae_vaults_network_star, vaults_dpeg_diagonal,
          vaults_dpeg_doors, nicolae_vaults_border_crossing, v_misc_22,
          vaults_room_glass_cross, vaults_dpeg_cross, ontoclasm_vaults_twist,
          vaults_dpeg_hooks, layout_vaults_omnicross
Depths:1: layout_basic, enter_ziggurat_c, hell_entry, serial_shops, shop,
          nicolae_shop_crystal, nicolae_shop_stone, xom_teletrap_fun,
          nicolae_abyss_entry_one_way_or_another,
          nicolae_shop_sticking_my_neck_out

Skill      XL: |  1  2  3  4  5  6  7  8  9 10 11 12 13 14 15 16 17 |
---------------+----------------------------------------------------+-----
Maces & Flails | 3 4 5 6 8 9 10 11 12 14 | 14.4
Fighting       | 3 4 6 7 8 10 11 12 14 15 | 15.1
Poison Magic   | 2 6 7 8 |  8.8
Air Magic      | 5 7 |  7.3
Invocations    | 2 5 |  5.5
Fire Magic     | 3 6 7 9 |  9.0
Armour         | 3 7 8 9 |  9.4
Dodging        | 4 5 |  5.3
Shields        | 7 9 |  9.0
Evocations     | 2 7 8 |  8.6
Spellcasting   | 5 |  5.7
Throwing       | |  1.7

Action                   |  1- 3 |  4- 6 |  7- 9 | 10-12 | 13-15 | 16-18 || total
-------------------------+-------+-------+-------+-------+-------+-------++-------
Melee: Flail             |    99 |   122 |       |       |       |       ||   221
       Tailslap          |    10 |    21 |    39 |    53 |   149 |    88 ||   360
       Punch             |       |     7 |     4 |     4 |     5 |       ||    20
       Whip              |       |    75 |   196 |       |       |       ||   271
       Eveningstar       |       |       |    72 |   327 |   789 |   333 ||  1521
Throw: Throwing net      |     1 |     2 |       |       |     3 |       ||     6
       Javelin           |       |       |     1 |       |       |       ||     1
       Dart              |       |       |       |     1 |       |       ||     1
 Cast: Poisonous Vapours |       |       |       |    61 |    49 |    19 ||   129
       Mephitic Cloud    |       |       |       |    14 |    30 |    23 ||    67
       Cigotuvi's Dreadf |       |       |       |     1 |     1 |       ||     2
       Ignite Poison     |       |       |       |     5 |    34 |    33 ||    72
       Scorch            |       |       |       |       |     5 |       ||     5
Invok: Ancestor Identity |       |       |     1 |       |       |       ||     1
       Ancestor Life: Ba |       |       |     1 |       |       |       ||     1
       Recall Ancestor   |       |       |       |     1 |     2 |     1 ||     4
       Transference      |       |       |       |       |     1 |       ||     1
Evoke: Phantom mirror    |       |       |       |       |     1 |     2 ||     3
       Wand              |       |       |       |       |     2 |     2 ||     4
       Condenser vane    |       |       |       |       |       |     1 ||     1
  Use: Scroll            |     1 |    12 |     4 |    15 |     4 |     8 ||    44
       Potion            |     1 |     2 |     1 |     1 |     4 |    10 ||    19
 Stab: Held in net/web   |     1 |       |       |       |     1 |       ||     2
       Distracted        |       |       |     2 |     6 |    12 |     4 ||    24
       Confused          |       |       |       |     1 |     9 |     2 ||    12
       Petrified         |       |       |       |       |       |     3 ||     3
Armor: Leather armour    |     8 |       |       |       |       |       ||     8
       Ring mail         |    26 |    43 |    45 |    64 |   105 |       ||   283
       Scale mail        |       |       |       |       |    77 |   134 ||   211
Dodge: Dodged            |    61 |   184 |   192 |   254 |   543 |   186 ||  1420
Block: Kite shield       |       |       |       |       |   232 |   241 ||   473

Table legend: (Time is in decaauts)
 A = Elapsed time spent in this place.
 B = Non-inter-level travel time spent in this place.
 C = Inter-level travel time spent in this place.
 D = Time resting spent in this place.
 E = Time spent auto-exploring this place.
 F = Levels seen in this place.
 G = Mean time per level.
                   A        B        C        D        E       F      G
               +--------+--------+--------+--------+--------+-----+--------+
         Total |  35074 |  30334 |   4740 |   7928 |  13619 |  30 | 1169.1 |
       Dungeon |  19576 |  17040 |   2536 |   4329 |   7962 |  15 | 1305.1 |
        Temple |     49 |     42 |      7 |      0 |     21 |   1 |   49.0 |
          Lair |   7926 |   6329 |   1597 |   1785 |   3017 |   5 | 1585.2 |
         Swamp |   3428 |   3147 |    281 |    785 |   1483 |   4 |  857.0 |
  Orcish Mines |   1827 |   1735 |     92 |    600 |    457 |   2 |  913.5 |
        Vaults |   2017 |   1793 |    224 |    429 |    631 |   1 | 2017.0 |
        Depths |      1 |      1 |      0 |      0 |      0 |   1 |    1.0 |
      Gauntlet |    247 |    247 |      0 |      0 |     47 |   1 |  247.0 |
               +--------+--------+--------+--------+--------+-----+--------+

Top non-repeatable levels by time:
    D:13: 2315 daAuts
  Lair:5: 2218 daAuts
    D:10: 2107 daAuts
Vaults:1: 2017 daAuts
     D:3: 1679 daAuts
  Lair:3: 1661 daAuts
    D:14: 1581 daAuts
  Lair:1: 1557 daAuts
    D:12: 1426 daAuts
  Lair:2: 1392 daAuts
     D:4: 1277 daAuts
     D:8: 1248 daAuts
     D:6: 1236 daAuts
     D:2: 1103 daAuts
  Lair:4: 1096 daAuts
